APP
TEXAS (APP) RANGERS @ ELIZABETHTON TWINS
10/23/2049
 
TOP OF THE 1ST
Greeneville Astros batting - Pitching for Cleveland (APP) Indians : RHP Ricky Venegas
Pitching: RHP Ricky Venegas
Batting: RHB Barry Brents 0-0: Foul Ball, location: 2F
0-1: Foul Ball, location: 2F
0-2: Foul Ball, location: 2F
0-2: Ball
1-2: Ball
2-2: Strikes out looking
Batting: SHB Yoo-chul Jung 0-0: Foul Ball, location: 2F
0-1: Ball
1-1: Foul Ball, location: 2F
1-2: Strikes out swinging
Batting: LHB Rich Gomez 0-0: Ball
1-0: Ball
2-0: Called Strike
2-1: Swinging Strike
2-2: Ball
3-2: Foul Ball, location: 2F
3-2: Base on Balls
Batting: RHB Garrett Pálsson 0-0: Called Strike
0-1: Ball
1-1: Foul Ball, location: 2F
1-2: Foul Ball, location: 2F
1-2: Ball
2-2: Strikes out swinging
Top of the 1st over - 0 runs, 0 hits, 0 errors, 1 left on base; Greeneville 0 - Cleveland (APP) 0
BOTTOM OF THE 1ST
Cleveland (APP) Indians batting - Pitching for Greeneville Astros : RHP David Breaux
Pitching: RHP David Breaux
Batting: RHB Jim Wright 0-0: Foul Ball, location: 2F
0-1: Ball
1-1: Ball
2-1: Swinging Strike
2-2: Strikes out swinging
Batting: SHB Victor Martinez 0-0: Ball
1-0: Fly out, F7 (Line Drive, 7, EV 100.0 MPH)
Batting: LHB Jesus Romero 0-0: Ball
1-0: Called Strike
1-1: Foul Ball, location: 2F
1-2: Ball
2-2: Ball
3-2: Fly out, F8 (Line Drive, 8LM, EV 90.0 MPH)
Bottom of the 1st over - 0 runs, 0 hits, 0 errors, 0 left on base; Greeneville 0 - Cleveland (APP) 0
TOP OF THE 2ND
Greeneville Astros batting - Pitching for Cleveland (APP) Indians : RHP Ricky Venegas
Batting: RHB Matt Lancto 0-0: Ball
1-0: Reached on error, E1 (Groundball, 34S, EV 62.5 MPH)
Batting: SHB Dong Ming 0-0: Called Strike
0-1: Swinging Strike
0-2: Ball
1-2: Ball
2-2: Ball
3-2: Foul Ball, location: 2F
3-2: Foul Ball, location: 2F
3-2: Base on Balls
Matt Lancto to second
Batting: RHB Bobby Pedraza 0-0: Called Strike
0-1: Ball
1-1: Foul Ball, location: 2F
1-2: SINGLE (Flyball, 78S, EV 89.4 MPH)
Matt Lancto to third
Dong Ming to second
Batting: RHB Tony Almonte 0-0: Called Strike
0-1: Ball
Wild Pitch!
Matt Lancto scores
Dong Ming to third
Bobby Pedraza to second
1-1: SINGLE (Groundball, 56D, EV 105.0 MPH)
Dong Ming scores
Bobby Pedraza to third
Batting: SHB David Pinder 0-0: Ball
1-0: Ball
2-0: Ball
3-0: Base on Balls
Tony Almonte to second
Batting: RHB Barry Brents 0-0: SINGLE (Line Drive, 8RS, EV 100.6 MPH)
Bobby Pedraza scores
Tony Almonte to third
David Pinder to second
Batting: SHB Yoo-chul Jung 0-0: Ball
1-0: Foul Ball, location: 2F
1-1: Ball
2-1: SINGLE (Flyball, 89M, EV 95.6 MPH)
Tony Almonte scores
David Pinder to third
Barry Brents to second
Batting: LHB Rich Gomez 0-0: Called Strike
0-1: Ball
1-1: Ball
2-1: Ball
3-1: Foul Ball, location: 2F
3-2: Strikes out swinging
Batting: RHB Garrett Pálsson 0-0: Fly out, F8 (Flyball, 89M, EV 86.3 MPH)
Runner from 3rd tags up, OUT at HOME! 8-2
Top of the 2nd over - 4 runs, 4 hits, 1 error, 2 left on base; Greeneville 4 - Cleveland (APP) 0
BOTTOM OF THE 2ND
Cleveland (APP) Indians batting - Pitching for Greeneville Astros : RHP David Breaux
Batting: RHB Jorge Ruelas 0-0: Called Strike
0-1: Foul Ball, location: 2F
0-2: Ball
1-2: Foul Ball, location: 2F
1-2: Foul Ball, location: 2F
1-2: Ground out 1-3 (Groundball, P, EV 67.5 MPH)
Batting: RHB Dave Lanman 0-0: Ball
1-0: Foul Ball, location: 2F
1-1: Ball
2-1: Ball
3-1: Ground out 1-3 (Groundball, 25, EV 87.5 MPH)
Batting: LHB Jerry Sweeney 0-0: Ball
1-0: Ground out 4-3 (Groundball, 4S, EV 73.1 MPH)
Bottom of the 2nd over - 0 runs, 0 hits, 0 errors, 0 left on base; Greeneville 4 - Cleveland (APP) 0
TOP OF THE 3RD
Greeneville Astros batting - Pitching for Cleveland (APP) Indians : RHP Ricky Venegas
Batting: RHB Matt Lancto 0-0: Swinging Strike
0-1: Foul Ball, location: 2F
0-2: Ground out 5-3 (Groundball, 56, EV 76.9 MPH)
Batting: SHB Dong Ming 0-0: Foul Ball, location: 2F
0-1: Ball
1-1: Ball
2-1: Swinging Strike
2-2: Foul Ball, location: 2F
2-2: Foul Ball, location: 2F
2-2: Ball
3-2: Base on Balls
Batting: RHB Bobby Pedraza 0-0: Swinging Strike
0-1: Ball
1-1: Called Strike
1-2: Strikes out looking
Batting: RHB Tony Almonte 0-0: Called Strike
0-1: Swinging Strike
0-2: SINGLE (Flyball, 8RS, EV 93.1 MPH)
Dong Ming to second
Runner from 2nd tries for 3rd, SAFE, throw by CF made to third
Batting: SHB David Pinder 0-0: Called Strike
0-1: Ball
1-1: Swinging Strike
1-2: Strikes out looking
Top of the 3rd over - 0 runs, 1 hit, 0 errors, 2 left on base; Greeneville 4 - Cleveland (APP) 0
BOTTOM OF THE 3RD
Cleveland (APP) Indians batting - Pitching for Greeneville Astros : RHP David Breaux
Batting: RHB Justin Jennings 0-0: Ball
1-0: Called Strike
1-1: Ball
2-1: Ball
3-1: Base on Balls
Batting: LHB Cesar Valdez 0-0: Called Strike
0-1: Ball
1-1: Foul Ball, location: 2F
1-2: Strikes out swinging
Batting: RHB Jayden Paul 0-0: Foul Ball, location: 2F
0-1: Ball
Justin Jennings steals 2nd base
1-1: Swinging Strike
1-2: 2-RUN HOME RUN (Flyball, 78XD, EV 88.8 MPH), Distance : 399 ft
Batting: RHB Jim Wright 0-0: Called Strike
0-1: Ball
1-1: Ground out 5-3 (Groundball, 56, EV 88.8 MPH)
Batting: SHB Victor Martinez 0-0: Called Strike
0-1: Foul Ball, location: 2F
0-2: Ball
1-2: Strikes out swinging
Bottom of the 3rd over - 2 runs, 1 hit, 0 errors, 0 left on base; Greeneville 4 - Cleveland (APP) 2
TOP OF THE 4TH
Greeneville Astros batting - Pitching for Cleveland (APP) Indians : RHP Ricky Venegas
Pitching: RHP Tom Moss
Batting: RHB Barry Brents 0-0: Ground out 5-3 (Groundball, 56, EV 88.1 MPH)
Batting: SHB Yoo-chul Jung 0-0: Ball
1-0: Ball
2-0: Called Strike
2-1: Ball
3-1: Base on Balls
Batting: LHB Rich Gomez 0-0: Ball
1-0: SINGLE (Groundball, 56D, EV 96.3 MPH)
Yoo-chul Jung to second
Batting: RHB Garrett Pálsson 0-0: Fly out, F9 (Line Drive, 9D, EV 90.6 MPH)
Runner from 2nd tags up, SAFE at 3rd, no throw by RF
Batting: RHB Matt Lancto 0-0: Ball
1-0: Ball
2-0: Called Strike
2-1: Foul Ball, location: 2F
2-2: Ground out 5-3 (Groundball, 56S, EV 66.3 MPH)
Top of the 4th over - 0 runs, 1 hit, 0 errors, 2 left on base; Greeneville 4 - Cleveland (APP) 2
BOTTOM OF THE 4TH
Cleveland (APP) Indians batting - Pitching for Greeneville Astros : RHP David Breaux
Batting: LHB Jesus Romero 0-0: Called Strike
0-1: Foul Ball, location: 2F
0-2: Foul Ball, location: 2F
0-2: Ball
1-2: SINGLE (Flyball, 78S, EV 90.0 MPH)
Batting: RHB Jorge Ruelas 0-0: Ball
1-0: Foul Ball, location: 2F
1-1: Ball
2-1: Ball
3-1: Fly out, F8 (Flyball, 8RS, EV 83.8 MPH)
Batting: RHB Dave Lanman 0-0: Called Strike
0-1: Ball
1-1: Ball
2-1: Swinging Strike
2-2: Ball
3-2: Grounds into double play, 6-4-3 (Groundball, 6, EV 77.5 MPH)
Bottom of the 4th over - 0 runs, 1 hit, 0 errors, 0 left on base; Greeneville 4 - Cleveland (APP) 2
TOP OF THE 5TH
Greeneville Astros batting - Pitching for Cleveland (APP) Indians : RHP Tom Moss
Batting: SHB Dong Ming 0-0: Fly out, F5 (Popup, 56, EV 65.0 MPH)
Batting: RHB Bobby Pedraza 0-0: Called Strike
0-1: Ball
1-1: Called Strike
1-2: Strikes out swinging
Batting: RHB Tony Almonte 0-0: Ball
1-0: Ball
2-0: Called Strike
2-1: Swinging Strike
2-2: Ball
3-2: Foul Ball, location: 2F
3-2: Foul Ball, location: 2F
3-2: Foul Ball, location: 2F
3-2: Strikes out swinging
Top of the 5th over - 0 runs, 0 hits, 0 errors, 0 left on base; Greeneville 4 - Cleveland (APP) 2
BOTTOM OF THE 5TH
Cleveland (APP) Indians batting - Pitching for Greeneville Astros : RHP David Breaux
Batting: LHB Jerry Sweeney 0-0: Foul Ball, location: 2F
0-1: Swinging Strike
0-2: Foul Ball, location: 2F
0-2: Foul Ball, location: 2F
0-2: Ball
1-2: Strikes out swinging
Batting: RHB Justin Jennings 0-0: Called Strike
0-1: Ball
1-1: Ground out 5-3 (Groundball, 5, EV 98.1 MPH)
Batting: LHB Cesar Valdez 0-0: Called Strike
0-1: Ball
1-1: SOLO HOME RUN (Flyball, 7D, EV 98.1 MPH), Distance : 358 ft
Batting: RHB Jayden Paul 0-0: Ball
1-0: Ball
2-0: Ball
3-0: Called Strike
3-1: Called Strike
3-2: Strikes out swinging
Bottom of the 5th over - 1 run, 1 hit, 0 errors, 0 left on base; Greeneville 4 - Cleveland (APP) 3
TOP OF THE 6TH
Greeneville Astros batting - Pitching for Cleveland (APP) Indians : RHP Tom Moss
Batting: SHB David Pinder 0-0: Ball
1-0: Called Strike
1-1: Ball
2-1: Ball
3-1: Foul Ball, location: 2F
3-2: Foul Ball, location: 2F
3-2: Base on Balls
Batting: RHB Barry Brents 0-0: Ball
1-0: Called Strike
1-1: Ball
2-1: Ball
3-1: Called Strike
3-2: SINGLE (Line Drive, 3D, EV 104.4 MPH)
David Pinder to second
Batting: SHB Yoo-chul Jung 0-0: Ball
Wild Pitch!
David Pinder to third
Barry Brents to second
1-0: Ball
2-0: Called Strike
2-1: Foul Ball, location: 2F
2-2: Ball
3-2: Base on Balls
Pitching: RHP Ignatius Steinberg
Batting: LHB Rich Gomez 0-0: GRAND SLAM HOME RUN (Flyball, 7LD, EV 97.5 MPH), Distance : 339 ft
Batting: RHB Garrett Pálsson 0-0: Called Strike
0-1: Ball
1-1: Ball
2-1: Ground out 1-3 (Groundball, 13, EV 84.4 MPH)
Batting: RHB Matt Lancto 0-0: Ball
1-0: Ball
2-0: Foul Ball, location: 2F
2-1: SOLO HOME RUN (Line Drive, 7D, EV 96.9 MPH), Distance : 364 ft
Batting: SHB Dong Ming 0-0: DOUBLE (Line Drive, 5D, EV 97.5 MPH)
Batting: RHB Bobby Pedraza 0-0: Swinging Strike
0-1: Swinging Strike
0-2: Ball
1-2: Ball
2-2: Ball
3-2: Base on Balls
Batting: RHB Tony Almonte 0-0: Ball
1-0: Called Strike
1-1: Fly out, F8 (Flyball, 89S, EV 87.5 MPH)
Batting: SHB David Pinder 0-0: DOUBLE (Line Drive, 7LM, EV 100.6 MPH)
Dong Ming scores
Bobby Pedraza to third
Batting: RHB Barry Brents 0-0: Foul Ball, location: 2F
0-1: Swinging Strike
0-2: Ball
1-2: Ball
2-2: Foul Ball, location: 2F
2-2: Foul Ball, location: 2F
2-2: Foul Ball, location: 2F
2-2: Strikes out looking
Top of the 6th over - 6 runs, 5 hits, 0 errors, 2 left on base; Greeneville 10 - Cleveland (APP) 3
BOTTOM OF THE 6TH
Cleveland (APP) Indians batting - Pitching for Greeneville Astros : RHP David Breaux
Pitching: RHP Zach Hayes
Batting: RHB Jim Wright 0-0: Ball
1-0: Called Strike
1-1: Ground out 4-3 (Groundball, 4, EV 91.9 MPH)
Batting: SHB Victor Martinez 0-0: Fly out, F6 (Popup, 6MD, EV 53.1 MPH)
Batting: LHB Jesus Romero 0-0: Foul Ball, location: 2F
0-1: Fly out, F9 (Flyball, 9S, EV 91.9 MPH)
Bottom of the 6th over - 0 runs, 0 hits, 0 errors, 0 left on base; Greeneville 10 - Cleveland (APP) 3
TOP OF THE 7TH
Greeneville Astros batting - Pitching for Cleveland (APP) Indians : RHP Ignatius Steinberg
Pitching: LHP Sergio Samano
Batting: SHB Yoo-chul Jung 0-0: Ball
1-0: Ball
2-0: Called Strike
2-1: Ball
3-1: Foul Ball, location: 2F
3-2: Base on Balls
Batting: LHB Rich Gomez 0-0: Ball
1-0: Ball
2-0: Ball
3-0: Base on Balls
Yoo-chul Jung to second
Pinch Hitting: LHB John Maxwell 0-0: Ball
1-0: Ball
2-0: Called Strike
2-1: DOUBLE (Flyball, 8LXD, EV 103.8 MPH)
Yoo-chul Jung scores
Rich Gomez to third
Batting: RHB Matt Lancto 0-0: Foul Ball, location: 2F
0-1: Foul Ball, location: 2F
0-2: Strikes out looking
Batting: SHB Dong Ming 0-0: Ball
Wild Pitch!
Rich Gomez scores
John Maxwell to third
1-0: Ground out 6-3 (Groundball, 6, EV 80.0 MPH)
John Maxwell scores
Pinch Hitting: SHB Gustavo Robles 0-0: Ball
1-0: Called Strike
1-1: Foul Ball, location: 2F
1-2: Ball
2-2: Fly out, F3 (Popup, 34, EV 64.4 MPH)
Top of the 7th over - 3 runs, 1 hit, 0 errors, 0 left on base; Greeneville 13 - Cleveland (APP) 3
BOTTOM OF THE 7TH
Cleveland (APP) Indians batting - Pitching for Greeneville Astros : RHP Zach Hayes
Now in CF: Isaiah Bird
Now in RF: John Maxwell
Batting: RHB Jorge Ruelas 0-0: Fly out, F9 (Flyball, 9, EV 94.4 MPH)
Batting: RHB Dave Lanman 0-0: Ball
1-0: Called Strike
1-1: Ball
2-1: Ball
3-1: Foul Ball, location: 2F
3-2: Foul Ball, location: 2F
3-2: Base on Balls
Batting: LHB Jerry Sweeney 0-0: Called Strike
0-1: Fielders Choice at 2nd, 6-4 (Groundball, 6M, EV 101.9 MPH)
Batting: RHB Justin Jennings 0-0: Called Strike
0-1: Ball
1-1: Swinging Strike
1-2: Ball
2-2: Strikes out swinging
Bottom of the 7th over - 0 runs, 0 hits, 0 errors, 1 left on base; Greeneville 13 - Cleveland (APP) 3
TOP OF THE 8TH
Greeneville Astros batting - Pitching for Cleveland (APP) Indians : LHP Sergio Samano
Batting: RHB Tony Almonte 0-0: Ball
1-0: Ball
2-0: Called Strike
2-1: Ground out 5-3 (Groundball, 56S, EV 66.3 MPH)
Batting: SHB David Pinder 0-0: Ball
1-0: Called Strike
1-1: Called Strike
1-2: Strikes out swinging
Batting: RHB Barry Brents 0-0: Called Strike
0-1: SINGLE (Groundball, 34D, EV 108.1 MPH)
Batting: SHB Yoo-chul Jung 0-0: Foul Ball, location: 2F
0-1: Foul Ball, location: 2F
0-2: Foul Ball, location: 2F
0-2: Strikes out looking
Top of the 8th over - 0 runs, 1 hit, 0 errors, 1 left on base; Greeneville 13 - Cleveland (APP) 3
BOTTOM OF THE 8TH
Cleveland (APP) Indians batting - Pitching for Greeneville Astros : RHP Zach Hayes
Batting: LHB Cesar Valdez 0-0: Ball
1-0: Foul Ball, location: 2F
1-1: Called Strike
1-2: Foul Ball, location: 2F
1-2: Foul Ball, location: 2F
1-2: Ball
2-2: Ball
3-2: Foul Ball, location: 2F
3-2: Foul Ball, location: 2F
3-2: Fly out, F1 (Line Drive, P, EV 75.0 MPH)
Batting: RHB Jayden Paul 0-0: Ball
1-0: Ball
2-0: Ball
3-0: Base on Balls
Batting: RHB Jim Wright 0-0: Called Strike
0-1: Fielders Choice at 2nd, 4-6 (Groundball, 34, EV 85.6 MPH)
Pinch Hitting: RHB Jesse Marder 0-0: Ball
1-0: SINGLE (Line Drive, 7S, EV 108.8 MPH)
Jim Wright to second
Batting: LHB Jesus Romero 0-0: Foul Ball, location: 2F
0-1: Ball
1-1: Called Strike
1-2: Ball
2-2: Ball
3-2: Base on Balls
Jim Wright to third
Jesse Marder to second
Batting: RHB Jorge Ruelas 0-0: Ball
1-0: Foul Ball, location: 2F
1-1: Swinging Strike
1-2: Strikes out swinging
Bottom of the 8th over - 0 runs, 1 hit, 0 errors, 3 left on base; Greeneville 13 - Cleveland (APP) 3
TOP OF THE 9TH
Greeneville Astros batting - Pitching for Cleveland (APP) Indians : LHP Sergio Samano
Now at SS: Jesse Marder
Batting: LHB Rich Gomez 0-0: Called Strike
0-1: SINGLE (Groundball, 6, EV 85.6 MPH) (infield hit)
Batting: LHB John Maxwell 0-0: Called Strike
0-1: Grounds into double play, 3-6-3 (Groundball, 34, EV 103.8 MPH)
Batting: RHB Matt Lancto 0-0: Foul Ball, location: 2F
0-1: Ball
1-1: Foul Ball, location: 2F
1-2: Foul Ball, location: 2F
1-2: Ball
2-2: Foul Ball, location: 2F
2-2: Ball
3-2: Ground out 5-3 (Groundball, 56, EV 103.8 MPH)
Top of the 9th over - 0 runs, 1 hit, 0 errors, 0 left on base; Greeneville 13 - Cleveland (APP) 3
BOTTOM OF THE 9TH
Cleveland (APP) Indians batting - Pitching for Greeneville Astros : RHP Zach Hayes
Pinch Hitting: RHB Mike Taylor 0-0: Ball
1-0: Called Strike
1-1: Swinging Strike
1-2: Ball
2-2: Strikes out swinging
Batting: LHB Jerry Sweeney 0-0: Called Strike
0-1: Ground out 5-3 (Groundball, 56S, EV 84.4 MPH)
Batting: RHB Justin Jennings 0-0: Swinging Strike
0-1: SINGLE (Groundball, 6MD, EV 99.4 MPH)
Batting: LHB Cesar Valdez 0-0: Ball
1-0: Ball
2-0: Ball
3-0: Called Strike
3-1: Called Strike
3-2: Base on Balls
Justin Jennings to second
Batting: RHB Jayden Paul 0-0: Ball
1-0: Hit by Pitch
Justin Jennings to third
Cesar Valdez to second
Batting: RHB Jim Wright 0-0: Ball
1-0: Called Strike
1-1: DOUBLE (Flyball, 8RD, EV 107.5 MPH)
Justin Jennings scores
Cesar Valdez scores
Jayden Paul to third
Batting: RHB Jesse Marder 0-0: Called Strike
0-1: Fly out, F8 (Line Drive, 8RD, EV 96.9 MPH)
Bottom of the 9th over - 2 runs, 2 hits, 0 errors, 2 left on base; Greeneville 13 - Cleveland (APP) 5
Sunday, July 16th , 2023 - OOTP Baseball 24.6 Build 69